[Event "GambitGuide"]
[Site "Internet Chess Club"]
[Date "2014.10.30"]
[Round "1"]
[White "JSBach"]
[Black "ziwenzhou"]
[Result "1-0"]
[ICCResult "Black resigns"]
[WhiteElo "1713"]
[BlackElo "2059"]
[Opening "Vienna: `Frankenstein-Dracula' variation"]
[ECO "C27"]
[NIC "VG.02"]
[Time "20:13:37"]
[TimeControl "120+12"]

1. e4 e5 2. Nc3 Nf6 3. Bc4 Nxe4 4. Qh5 Nd6 5. Bb3 Nc6 6. Nb5 g6 7. Qf3 f5 8.
Qd5 Qe7 9. Nxc7+ Kd8 10. Nxa8 b6 11. Ba4 Bb7 12. Nxb6 axb6 13. Qb3 b5 14.
Ne2 bxa4 15. Qxa4 e4 16. Nc3 Ne5 17. Qd4 Bg7 18. Qc5 Nf3+ 19. gxf3 exf3+ 20.
Qe3 Qxe3+ 21. dxe3 Ne4 22. Nxe4 fxe4 23. a4 Ke7 24. c3 Rc8 25. Kd2 Rc6 26.
Kc2 Ba6 27. a5 Bd3+ 28. Kb3 Bc4+ 29. Kb4 Bf8 30. Ka4 Kd8 31. b4 {Black
resigns} 1-0

[Event "GambitGuide"]
[Site "Internet Chess Club"]
[Date "2014.10.30"]
[Round "1"]
[White "JSBach"]
[Black "supermonkey"]
[Result "1-0"]
[ICCResult "Black resigns"]
[WhiteElo "1713"]
[BlackElo "1583"]
[Opening "Vienna: `Frankenstein-Dracula' variation"]
[ECO "C27"]
[NIC "VG.02"]
[Time "20:13:11"]
[TimeControl "120+12"]

1. e4 e5 2. Nc3 Nf6 3. Bc4 Nxe4 4. Qh5 Nd6 5. Bb3 Nc6 6. Nb5 g6 7. Qf3 f5 8.
Qd5 Qe7 9. Nxc7+ Kd8 10. Nxa8 b6 11. Ba4 Bb7 12. Nxb6 axb6 13. Qb3 Kc7 14.
Ne2 Nd4 15. Nxd4 exd4+ 16. Kf1 Ba6+ 17. d3 Bb7 18. Bf4 g5 19. Qc4+ Kb8 20.
Qxd4 gxf4 21. Qxh8 f3 22. g3 Qe2+ 23. Kg1 Kc7 24. Qxf8 {Black resigns} 1-0

[Event "GambitGuide"]
[Site "Internet Chess Club"]
[Date "2014.10.30"]
[Round "1"]
[White "JSBach"]
[Black "hidemitsu"]
[Result "0-1"]
[ICCResult "White checkmated"]
[WhiteElo "1713"]
[BlackElo "2301"]
[Opening "Vienna: `Frankenstein-Dracula' variation"]
[ECO "C27"]
[NIC "VG.02"]
[Time "20:12:45"]
[TimeControl "120+12"]

1. e4 e5 2. Nc3 Nf6 3. Bc4 Nxe4 4. Qh5 Nd6 5. Bb3 Nc6 6. Nb5 g6 7. Qf3 f5 8.
Qd5 Qe7 9. Nxc7+ Kd8 10. Nxa8 b6 11. Ba4 Nd4 12. f4 Bb7 13. Qxe5 Bxg2 14.
Nxb6 axb6 15. c3 Nc6 16. Bxc6 dxc6 17. Kd1 Bg7 18. Qe2 Bxh1 19. Qa6 Kc7 20.
Qa7+ Nb7 21. d4 Re8 22. Kc2 Be4+ 23. Kb3 Qe6+ 24. Ka3 Bf8+ 25. b4 Qc4 26.
Bb2 Bc2 27. Ne2 Rxe2 28. Rd1 Bxb4+ 29. cxb4 Re3+ 30. Rd3 Rxd3+ 31. Bc3 Rxc3+
32. Kb2 Qxb4+ 33. Kc1 Be4+ 34. Kd1 Qb1+ 35. Kd2 Qb2+ 36. Kd1 Rc1#
{White checkmated}
0-1

[Event "GambitGuide"]
[Site "Internet Chess Club"]
[Date "2014.10.30"]
[Round "1"]
[White "JSBach"]
[Black "jupiter26"]
[Result "1-0"]
[ICCResult "Black resigns"]
[WhiteElo "1713"]
[BlackElo "1589"]
[Opening "Vienna: `Frankenstein-Dracula' variation"]
[ECO "C27"]
[NIC "VG.02"]
[Time "20:14:40"]
[TimeControl "120+12"]

1. e4 e5 2. Nc3 Nf6 3. Bc4 Nxe4 4. Qh5 Nd6 5. Bb3 Nc6 6. Nb5 g6 7. Qf3 f5 8.
Qd5 Qe7 9. Nxc7+ Kd8 10. Nxa8 b6 11. Ba4 Bb7 12. Nxb6 axb6 13. Qb3 Kc7 14.
Nf3 e4 15. Nd4 Nxd4 16. Qc3+ Nc6 17. Qxh8 Bg7 18. Qxh7 {Black resigns} 1-0

[Event "GambitGuide"]
[Site "Internet Chess Club"]
[Date "2014.10.30"]
[Round "1"]
[White "JSBach"]
[Black "rabbismoli"]
[Result "1-0"]
[ICCResult "Black checkmated"]
[WhiteElo "1713"]
[BlackElo "1606"]
[Opening "Vienna: `Frankenstein-Dracula' variation"]
[ECO "C27"]
[NIC "VG.02"]
[Time "20:14:08"]
[TimeControl "120+12"]

1. e4 e5 2. Nc3 Nf6 3. Bc4 Nxe4 4. Qh5 Nd6 5. Bb3 Nc6 6. Nb5 g6 7. Qf3 f5 8.
Qd5 Qe7 9. Nxc7+ Kd8 10. Nxa8 b6 11. Ba4 Bb7 12. Nxb6 axb6 13. Qb3 Nc8 14.
Nf3 Qb4 15. Ng5 Qxb3 16. Bxb3 Ke7 17. Nf7 Rg8 18. Nd6 Nxd6 19. Bxg8 Nd4 20.
O-O Nxc2 21. Rb1 Nd4 22. Re1 Kf6 23. d3 Bg7 24. Be3 Nc2 25. Bxb6 Nxe1 26.
Bd8# {Black checkmated} 1-0

[Event "GambitGuide"]
[Site "Internet Chess Club"]
[Date "2014.10.30"]
[Round "1"]
[White "JSBach"]
[Black "Muad-dib"]
[Result "1-0"]
[ICCResult "Black resigns"]
[WhiteElo "1713"]
[BlackElo "2151"]
[Opening "Vienna: `Frankenstein-Dracula' variation"]
[ECO "C27"]
[NIC "VG.02"]
[Time "20:14:25"]
[TimeControl "120+12"]

1. e4 e5 2. Nc3 Nf6 3. Bc4 Nxe4 4. Qh5 Nd6 5. Bb3 Nc6 6. Nb5 g6 7. Qf3 f5 8.
Qd5 Qe7 9. Nxc7+ Kd8 10. Nxa8 b6 11. Ba4 Bb7 12. Nxb6 axb6 13. Qb3 Kc7 14.
Ne2 Nd4 15. Nxd4 exd4+ 16. Kf1 Qe4 17. f3 Qe5 18. c3 Bg7 19. Qc2 Re8 20.
cxd4+ {Black resigns} 1-0

[Event "GambitGuide"]
[Site "Internet Chess Club"]
[Date "2014.10.30"]
[Round "1"]
[White "JSBach"]
[Black "KnightBoogie"]
[Result "1-0"]
[ICCResult "Black checkmated"]
[WhiteElo "1713"]
[BlackElo "1543"]
[Opening "Vienna: `Frankenstein-Dracula' variation"]
[ECO "C27"]
[NIC "VG.02"]
[Time "20:14:19"]
[TimeControl "120+12"]

1. e4 e5 2. Nc3 Nf6 3. Bc4 Nxe4 4. Qh5 Nd6 5. Bb3 Nc6 6. Nb5 g6 7. Qf3 f5 8.
Qd5 Qe7 9. Nxc7+ Kd8 10. Nxa8 b6 11. Ba4 Bb7 12. Nxb6 axb6 13. Qb3 Nc8 14.
a3 Nd4 15. Qg3 Qc5 16. c3 f4 17. Qg4 Nf5 18. Nf3 Ncd6 19. d4 exd4 20. Nxd4
Nxd4 21. Qxd7# {Black checkmated} 1-0

[Event "GambitGuide"]
[Site "Internet Chess Club"]
[Date "2014.10.30"]
[Round "1"]
[White "JSBach"]
[Black "supermonkey"]
[Result "1-0"]
[ICCResult "Black resigns"]
[WhiteElo "1713"]
[BlackElo "1583"]
[Opening "Vienna: `Frankenstein-Dracula' variation"]
[ECO "C27"]
[NIC "VG.02"]
[Time "20:14:59"]
[TimeControl "120+12"]

1. e4 e5 2. Nc3 Nf6 3. Bc4 Nxe4 4. Qh5 Nd6 5. Bb3 Nc6 6. Nb5 g6 7. Qf3 f5 8.
Qd5 Qe7 9. Nxc7+ Kd8 10. Nxa8 b6 11. Ba4 Bb7 12. Nxb6 axb6 13. Qb3 Kc7 14.
Ne2 Nd4 15. Nxd4 exd4+ 16. Kf1 f4 17. Qb4 f3 18. gxf3 Bxf3 19. Bb5 Bxh1 20.
Qxd4 Bg7 21. Qb4 Ne4 22. Qxe7 {Black resigns} 1-0

[Event "GambitGuide"]
[Site "Internet Chess Club"]
[Date "2014.10.30"]
[Round "1"]
[White "JSBach"]
[Black "jupiter26"]
[Result "1-0"]
[ICCResult "Black resigns"]
[WhiteElo "1713"]
[BlackElo "1589"]
[Opening "Vienna: `Frankenstein-Dracula' variation"]
[ECO "C27"]
[NIC "VG.02"]
[Time "20:15:25"]
[TimeControl "120+12"]

1. e4 e5 2. Nc3 Nf6 3. Bc4 Nxe4 4. Qh5 Nd6 5. Bb3 Nc6 6. Nb5 g6 7. Qf3 f5 8.
Qd5 Qe7 9. Nxc7+ Kd8 10. Nxa8 b6 11. Ba4 Bb7 12. Nxb6 axb6 13. Qb3 Kc7 14.
Ne2 Qe6 15. Qxe6 dxe6 16. d3 Be7 17. Bd2 Nd4 18. f3 Rc8 19. c3 Nxe2 20. Kxe2
b5 21. Bb3 {Black resigns} 1-0

[Event "GambitGuide"]
[Site "Internet Chess Club"]
[Date "2014.10.30"]
[Round "1"]
[White "JSBach"]
[Black "Yamabushi"]
[Result "0-1"]
[ICCResult "White checkmated"]
[WhiteElo "1713"]
[BlackElo "1400"]
[Opening "Vienna: `Frankenstein-Dracula' variation"]
[ECO "C27"]
[NIC "VG.02"]
[Time "20:10:21"]
[TimeControl "120+12"]

1. e4 e5 2. Nc3 Nf6 3. Bc4 Nxe4 4. Qh5 Nd6 5. Bb3 Nc6 6. Nb5 g6 7. Qf3 f5 8.
Qd5 Qe7 9. Nxc7+ Kd8 10. Nxa8 b6 11. Ba4 Bb7 12. Nxb6 axb6 13. Qb3 b5 14.
Nf3 bxa4 15. Qxa4 e4 16. Nd4 Nxd4 17. Qxd4 Bg7 18. Qc5 f4 19. O-O f3 20.
Qa5+ Ke8 21. gxf3 exf3 22. d3 Qh4 23. Re1+ Kf7 24. h3 Qxh3 25. Qg5 Bf6 26.
Qg3 Qxg3+ 27. fxg3 Nf5 28. Kh2 d6 29. a4 Be5 30. Bf4 Bxf4 31. gxf4 Nd4 32.
c4 Nc2 33. b4 Nxa1 34. Rxa1 Re8 35. Kg3 Re2 36. a5 Rg2+ 37. Kh4 Bc8 38. Rh1
Kg7 39. b5 h6 40. c5 g5+ 41. fxg5 hxg5+ 42. Kh5 f2 43. d4 Rg1 44. Rh2 f1=Q
45. Rg2 Rh1+ 46. Rh2 Rxh2+ 47. Kxg5 Rg2+ 48. Kh4 Qh1# {White checkmated} 0-1

[Event "GambitGuide"]
[Site "Internet Chess Club"]
[Date "2014.10.30"]
[Round "1"]
[White "JSBach"]
[Black "nightyknight"]
[Result "1-0"]
[ICCResult "Black resigns"]
[WhiteElo "1713"]
[BlackElo "1189"]
[Opening "Vienna: `Frankenstein-Dracula' variation"]
[ECO "C27"]
[NIC "VG.02"]
[Time "20:10:20"]
[TimeControl "120+12"]

1. e4 e5 2. Nc3 Nf6 3. Bc4 Nxe4 4. Qh5 Nd6 5. Bb3 Nc6 6. Nb5 g6 7. Qf3 f5 8.
Qd5 Qe7 9. Nxc7+ Kd8 10. Nxa8 b6 11. Ba4 Bb7 12. Nxb6 axb6 13. Qb3 Kc7 14.
Ne2 Qe6 15. Qxe6 dxe6 16. a3 Bg7 17. d3 Ra8 18. Bxc6 Bxc6 19. f3 Bf6 20. O-O
Rg8 21. Kf2 Rf8 22. Re1 Bh4+ 23. g3 Be7 24. Bd2 e4 25. Bh6 Rf7 26. Nd4 Bd5
27. Rad1 g5 28. c4 Bc6 29. Bxg5 Bxg5 30. Nxe6+ Kd7 31. Nxg5 Rg7 32. f4 h6
33. Nh3 Re7 34. Ng1 Kc7 35. b4 b5 36. cxb5 Nxb5 37. dxe4 fxe4 38. Re3 Nd6
39. Rb3 Nc4 40. f5 e3+ 41. Ke1 Be4 42. Rc3 e2 43. Rxc4+ Kb6 44. Rd6+ Kb5 45.
f6 Rf7 46. Rxe4 {Black resigns} 1-0

[Event "GambitGuide"]
[Site "Internet Chess Club"]
[Date "2014.10.30"]
[Round "1"]
[White "JSBach"]
[Black "Muad-dib"]
[Result "0-1"]
[ICCResult "White checkmated"]
[WhiteElo "1713"]
[BlackElo "2151"]
[Opening "Vienna: `Frankenstein-Dracula' variation"]
[ECO "C27"]
[NIC "VG.02"]
[Time "20:15:37"]
[TimeControl "120+12"]

1. e4 e5 2. Nc3 Nf6 3. Bc4 Nxe4 4. Qh5 Nd6 5. Bb3 Nc6 6. Nb5 g6 7. Qf3 f5 8.
Qd5 Qe7 9. Nxc7+ Kd8 10. Nxa8 b6 11. Ba4 Bb7 12. Nxb6 axb6 13. Qb3 Kc7 14.
Ne2 Nd4 15. Nxd4 exd4+ 16. Kf1 Bh6 17. Qb4 Re8 18. Qxd6+ Qxd6 19. a3 Qe5 20.
Rb1 Qe1# {White checkmated} 0-1

[Event "GambitGuide"]
[Site "Internet Chess Club"]
[Date "2014.10.30"]
[Round "1"]
[White "JSBach"]
[Black "andyyang"]
[Result "0-1"]
[ICCResult "White checkmated"]
[WhiteElo "1713"]
[BlackElo "1782"]
[Opening "Vienna: `Frankenstein-Dracula' variation"]
[ECO "C27"]
[NIC "VG.02"]
[Time "20:15:55"]
[TimeControl "120+12"]

1. e4 e5 2. Nc3 Nf6 3. Bc4 Nxe4 4. Qh5 Nd6 5. Bb3 Nc6 6. Nb5 g6 7. Qf3 f5 8.
Qd5 Qe7 9. Nxc7+ Kd8 10. Nxa8 b6 11. Ba4 Nd4 12. f4 exf4+ 13. Kd1 Ne4 14.
Qxd4 Bg7 15. Ne2 Bxd4 16. Rf1 Nf2+ 17. Ke1 Re8 18. Bb5 a6 19. Rxf2 Bxf2+ 20.
Kxf2 axb5 21. Kg1 Qxe2 22. h3 Qe1+ 23. Kh2 Qg3+ 24. Kg1 Re1# {White
checkmated} 0-1

[Event "GambitGuide"]
[Site "Internet Chess Club"]
[Date "2014.10.30"]
[Round "1"]
[White "JSBach"]
[Black "supermonkey"]
[Result "0-1"]
[ICCResult "White checkmated"]
[WhiteElo "1713"]
[BlackElo "1583"]
[Opening "Vienna: `Frankenstein-Dracula' variation"]
[ECO "C27"]
[NIC "VG.02"]
[Time "20:15:47"]
[TimeControl "120+12"]

1. e4 e5 2. Nc3 Nf6 3. Bc4 Nxe4 4. Qh5 Nd6 5. Bb3 Nc6 6. Nb5 g6 7. Qf3 f5 8.
Qd5 Qe7 9. Nxc7+ Kd8 10. Nxa8 b6 11. Ba4 Bb7 12. Nxb6 axb6 13. Qb3 Kc7 14.
Ne2 Nd4 15. Nxd4 exd4+ 16. Kf1 f4 17. Qb4 f3 18. gxf3 Bxf3 19. Bb5 Bxh1 20.
Qxd4 Bg7 21. Qb4 Rf8 22. Bd3 Qf7 23. Kg1 Bc6 24. Qh4 g5 25. Qg3 Be5 26. Qe3
Bf4 27. Qe2 g4 28. Kf1 g3 29. hxg3 Bxg3 30. Ke1 Bxf2+ 31. Kf1 Be3+ 32. Ke1
Bf2+ 33. Kf1 Bg3+ 34. Kg1 Bf2+ 35. Kf1 Bh4+ 36. Kg1 Rg8+ 37. Bg6 Rxg6+ 38.
Kh2 Qf4+ 39. Kh3 Qg3# {White checkmated} 0-1

[Event "GambitGuide"]
[Site "Internet Chess Club"]
[Date "2014.10.30"]
[Round "1"]
[White "JSBach"]
[Black "EduMorozevich"]
[Result "0-1"]
[ICCResult "White checkmated"]
[WhiteElo "1713"]
[BlackElo "1622"]
[Opening "Vienna: `Frankenstein-Dracula' variation"]
[ECO "C27"]
[NIC "VG.02"]
[Time "20:09:23"]
[TimeControl "120+12"]

1. e4 e5 2. Nc3 Nf6 3. Bc4 Nxe4 4. Qh5 Nd6 5. Bb3 Nc6 6. Nb5 g6 7. Qf3 f5 8.
Qd5 Qe7 9. Nxc7+ Kd8 10. Nxa8 b6 11. Ba4 Bb7 12. Nxb6 axb6 13. Qb3 b5 14.
Nf3 bxa4 15. Qxa4 Bg7 16. d3 Kc7 17. Bg5 Bf6 18. Be3 Ra8 19. Qb3 Ra6 20. a3
f4 21. Bc5 Qe6 22. Qxe6 dxe6 23. c3 Ne7 24. b4 Bxf3 25. gxf3 Nd5 26. c4 Ne7
27. b5 Ra8 28. b6+ Kc6 29. Bxd6 Kxd6 30. Ke2 Kc6 31. Rab1 Rb8 32. c5 Kxc5
33. Rhc1+ Kd6 34. a4 Nc6 35. Kf1 Bd8 36. b7 Kc7 37. Rb5 Rxb7 38. Rxe5 Kd6
39. Rb5 Rxb5 40. axb5 Nd4 41. Rc8 Kd7 42. Rc4 Nxb5 43. Rxf4 Ke7 44. Rb4 Nd6
45. Rb2 Kf6 46. f4 h5 47. Kg2 Nf5 48. Kf3 Bc7 49. Rb7 Bd6 50. Ke4 Nh6 51.
Rb6 Be7 52. h3 Nf7 53. Rc6 Nd6+ 54. Kf3 Nf5 55. Ke4 Bb4 56. f3 Bd2 57. Rc2
Ng3+ 58. Kd4 Bxf4 59. Kc5 Nf5 60. Rc4 g5 61. Rc2 h4 62. Rb2 Ne7 63. Kc4 Ng6
64. Rf2 Bg3 65. Rf1 Nf4 66. Rh1 Kf5 67. d4 Nd5 68. Kb5 Bf2 69. Kc5 Nf4 70.
Kc4 Kf6 71. Rh2 Bg3 72. Rh1 Nd5 73. Kc5 Kf5 74. Rd1 Bf2 75. Ra1 Nf4 76. Rh1
e5 77. Rh2 Bxd4+ 78. Kb4 Nd5+ 79. Kb3 Kf4 80. Ra2 Kxf3 81. Kc4 Ne3+ 82. Kd3
Nf5 83. Re2 Ng3 84. Rh2 Bf2 85. Kc4 e4 86. Rxf2+ Kxf2 87. Kd5 e3 88. Kc4 e2
89. Kc3 e1=Q+ 90. Kc4 Qe4+ 91. Kc3 Qf5 92. Kc4 Qxh3 93. Kd4 Qf5 94. Kc3 h3
95. Kb4 h2 96. Kb3 Ke3 97. Kb4 Kd3 98. Kb3 Qc5 99. Ka4 Qb6 100. Ka3 Kc3 101.
Ka2 Qb2# {White checkmated} 0-1

[Event "GambitGuide"]
[Site "Internet Chess Club"]
[Date "2014.10.30"]
[Round "1"]
[White "JSBach"]
[Black "jupiter26"]
[Result "1-0"]
[ICCResult "Black resigns"]
[WhiteElo "1713"]
[BlackElo "1589"]
[Opening "Vienna: `Frankenstein-Dracula' variation"]
[ECO "C27"]
[NIC "VG.02"]
[Time "20:16:28"]
[TimeControl "120+12"]

1. e4 e5 2. Nc3 Nf6 3. Bc4 Nxe4 4. Qh5 Nd6 5. Bb3 Nc6 6. Nb5 g6 7. Qf3 f5 8.
Qd5 Qe7 9. Nxc7+ Kd8 10. Nxa8 b6 11. Ba4 Bb7 12. Nxb6 axb6 13. Qb3 b5 14.
Nf3 bxa4 15. Qxa4 e4 16. Nd4 Nxd4 17. Qxd4 Bg7 18. Qc5 Nc8 19. Qb5 d6 20. a4
Qd7 21. Ke2 Qxb5+ 22. axb5 Kc7 23. Ra5 Kb6 24. b4 Ne7 25. Rg1 Nd5 26. Ba3
Ra8 27. Rxa8 Bxa8 28. c4 Nc7 29. f3 exf3+ 30. gxf3 Bd4 31. Re1 f4 32. Kd3
Be5 33. Ke2 Bd4 34. Kd3 Be5 35. Ke2 Ne6 36. c5+ dxc5 37. Kd3 c4+ 38. Kxc4
{Black resigns}
1-0

[Event "GambitGuide"]
[Site "Internet Chess Club"]
[Date "2014.10.30"]
[Round "1"]
[White "JSBach"]
[Black "fishhead"]
[Result "1-0"]
[ICCResult "Black checkmated"]
[WhiteElo "1713"]
[BlackElo "1597"]
[Opening "Vienna: `Frankenstein-Dracula' variation"]
[ECO "C27"]
[NIC "VG.02"]
[Time "20:17:06"]
[TimeControl "120+12"]

1. e4 e5 2. Nc3 Nf6 3. Bc4 Nxe4 4. Qh5 Nd6 5. Bb3 Nc6 6. Nb5 g6 7. Qf3 f5 8.
Qd5 Qe7 9. Nxc7+ Kd8 10. Nxa8 b6 11. Ba4 Bb7 12. Nxb6 axb6 13. Qb3 b5 14.
Nf3 bxa4 15. Qxa4 Bg7 16. O-O h6 17. Re1 Qf7 18. d4 e4 19. Bf4 Ne8 20. Qb5
Bc8 21. d5 exf3 22. Qb6+ Nc7 23. Bxc7# {Black checkmated} 1-0

[Event "GambitGuide"]
[Site "Internet Chess Club"]
[Date "2014.10.30"]
[Round "1"]
[White "JSBach"]
[Black "andyyang"]
[Result "1-0"]
[ICCResult "Black checkmated"]
[WhiteElo "1713"]
[BlackElo "1782"]
[Opening "Vienna: `Frankenstein-Dracula' variation"]
[ECO "C27"]
[NIC "VG.02"]
[Time "20:17:10"]
[TimeControl "120+12"]

1. e4 e5 2. Nc3 Nf6 3. Bc4 Nxe4 4. Qh5 Nd6 5. Bb3 Nc6 6. Nb5 g6 7. Qf3 f5 8.
Qd5 Qe7 9. Nxc7+ Kd8 10. Nxa8 b6 11. Ba4 Nd4 12. f4 exf4+ 13. Kf2 Bb7 14.
Qxd4 Bg7 15. Qxf4 Ne4+ 16. Kf1 Bxa8 17. Qb8# {Black checkmated} 1-0

[Event "GambitGuide"]
[Site "Internet Chess Club"]
[Date "2014.10.30"]
[Round "1"]
[White "JSBach"]
[Black "rabbismoli"]
[Result "1-0"]
[ICCResult "Black resigns"]
[WhiteElo "1713"]
[BlackElo "1606"]
[Opening "Vienna: `Frankenstein-Dracula' variation"]
[ECO "C27"]
[NIC "VG.02"]
[Time "20:15:54"]
[TimeControl "120+12"]

1. e4 e5 2. Nc3 Nf6 3. Bc4 Nxe4 4. Qh5 Nd6 5. Bb3 Nc6 6. Nb5 g6 7. Qf3 f5 8.
Qd5 Qe7 9. Nxc7+ Kd8 10. Nxa8 b6 11. Ba4 Bb7 12. Nxb6 axb6 13. Qb3 Nc8 14.
Ne2 Bg7 15. a3 Nd4 16. Nxd4 exd4+ 17. Kf1 Qd6 18. Qf7 Qe7 19. Qxe7+ Nxe7 20.
Rg1 Bc6 21. Bb3 Bd5 22. Bxd5 Nxd5 23. Ke2 Re8+ 24. Kf3 g5 25. h3 h5 26. Rd1
Bf6 27. Rb1 Kc7 28. b4 Kc6 29. a4 d6 30. Rf1 Ra8 31. b5+ Kc7 32. g4 hxg4+
33. hxg4 f4 34. Ke4 Re8+ 35. Kxd5 {Black resigns} 1-0

[Event "GambitGuide"]
[Site "Internet Chess Club"]
[Date "2014.10.30"]
[Round "1"]
[White "JSBach"]
[Black "supermonkey"]
[Result "0-1"]
[ICCResult "White checkmated"]
[WhiteElo "1713"]
[BlackElo "1583"]
[Opening "Vienna: `Frankenstein-Dracula' variation"]
[ECO "C27"]
[NIC "VG.02"]
[Time "20:17:20"]
[TimeControl "120+12"]

1. e4 e5 2. Nc3 Nf6 3. Bc4 Nxe4 4. Qh5 Nd6 5. Bb3 Nc6 6. Nb5 g6 7. Qf3 f5 8.
Qd5 Qe7 9. Nxc7+ Kd8 10. Nxa8 b6 11. Ba4 Bb7 12. Nxb6 axb6 13. Qb3 Kc7 14.
Ne2 Nd4 15. Nxd4 exd4+ 16. Kf1 f4 17. Qb4 f3 18. gxf3 Bxf3 19. Bb5 Bxh1 20.
Qxd4 Bg7 21. Qf4 Rf8 22. Qa4 Qf7 23. Kg1 Bb7 24. f4 g5 25. Bd3 gxf4 26. Bxh7
f3 27. Kf1 f2 28. Qa7 Qf3 29. Qxb7+ Kxb7 30. Bf5 Rxf5 31. d4 Qh1+ 32. Ke2
f1=Q+ 33. Kd2 Qd1+ 34. Kc3 Qhe1+ 35. Kb3 Ra5 36. a4 Qf3+ 37. c3 Qed1+ 38.
Kb4 Qfd3 39. b3 Rb5+ 40. axb5 Qxb5+ 41. Ka3 Qc2 42. c4 Qa5# {White
checkmated} 0-1

[Event "GambitGuide"]
[Site "Internet Chess Club"]
[Date "2014.10.30"]
[Round "1"]
[White "JSBach"]
[Black "andyyang"]
[Result "0-1"]
[ICCResult "White checkmated"]
[WhiteElo "1713"]
[BlackElo "1782"]
[Opening "Vienna: `Frankenstein-Dracula' variation"]
[ECO "C27"]
[NIC "VG.02"]
[Time "20:18:22"]
[TimeControl "120+12"]

1. e4 e5 2. Nc3 Nf6 3. Bc4 Nxe4 4. Qh5 Nd6 5. Bb3 Nc6 6. Nb5 g6 7. Qf3 f5 8.
Qd5 Qe7 9. Nxc7+ Kd8 10. Nxa8 b6 11. Ba4 Nd4 12. f4 exf4+ 13. Kd1 Ne4 14.
Qxd4 Bg7 15. Ne2 Bxd4 16. Rf1 Nf2+ 17. Ke1 Re8 18. Bb5 a6 19. Rxf2 Bxf2+ 20.
Kxf2 axb5 21. Kg1 Qxe2 22. h3 Qe1+ 23. Kh2 Qg3+ 24. Kh1 Re1# {White
checkmated} 0-1

[Event "GambitGuide"]
[Site "Internet Chess Club"]
[Date "2014.10.30"]
[Round "1"]
[White "JSBach"]
[Black "nightyknight"]
[Result "1-0"]
[ICCResult "Black resigns"]
[WhiteElo "1713"]
[BlackElo "1189"]
[Opening "Vienna: `Frankenstein-Dracula' variation"]
[ECO "C27"]
[NIC "VG.02"]
[Time "20:17:31"]
[TimeControl "120+12"]

1. e4 e5 2. Nc3 Nf6 3. Bc4 Nxe4 4. Qh5 Nd6 5. Bb3 Nc6 6. Nb5 g6 7. Qf3 f5 8.
Qd5 Qe7 9. Nxc7+ Kd8 10. Nxa8 b6 11. Ba4 Qg5 12. d3 Qg4 13. Bxc6 dxc6 14.
Qxe5 Qxg2 15. Qxh8 Qxg1+ 16. Rxg1 {Black resigns} 1-0

[Event "GambitGuide"]
[Site "Internet Chess Club"]
[Date "2014.10.30"]
[Round "1"]
[White "JSBach"]
[Black "supermonkey"]
[Result "1-0"]
[ICCResult "Black resigns"]
[WhiteElo "1713"]
[BlackElo "1583"]
[Opening "Vienna: `Frankenstein-Dracula' variation"]
[ECO "C27"]
[NIC "VG.02"]
[Time "20:18:50"]
[TimeControl "120+12"]

1. e4 e5 2. Nc3 Nf6 3. Bc4 Nxe4 4. Qh5 Nd6 5. Bb3 Nc6 6. Nb5 g6 7. Qf3 f5 8.
Qd5 Qe7 9. Nxc7+ Kd8 10. Nxa8 b6 11. Ba4 Bb7 12. Nxb6 axb6 13. Qb3 Kc7 14.
Ne2 Nd4 15. Nxd4 exd4+ 16. Kf1 f4 17. Qb4 f3 18. gxf3 Bxf3 19. Bb5 Bxh1 20.
Qxd4 Bg7 21. Qb4 Rf8 22. Bd3 Qf6 23. Qc3+ Bc6 24. Qxf6 Bxf6 25. c3 Bh4 26.
f4 Rxf4+ 27. Kg1 Bf2+ 28. Kf1 Be3+ 29. Ke2 Bg1 30. h3 Rh4 31. Kf1 Bc5 32. b4
Rf4+ 33. Ke2 Bf2 34. Kf1 Bg3+ 35. Kg1 Rh4 36. Bf1 Ne4 37. Rb1 Bf2+ 38. Kh2
Bg3+ 39. Kg1 Bf2+ 40. Kh2 Bg3+ 41. Kg1 Bf2+ 42. Kh2 Bg3+ 43. Kg1 Bf2+ 44.
Kh2 Bg3+ 45. Kg2 Bd6 46. Kg1 Rh5 47. Bg2 Rg5 48. Rb2 Nf6 49. d3 Nh5 50. Bxg5
{Black resigns}
1-0

[Event "GambitGuide"]
[Site "Internet Chess Club"]
[Date "2014.10.30"]
[Round "1"]
[White "JSBach"]
[Black "jupiter26"]
[Result "1-0"]
[ICCResult "Black checkmated"]
[WhiteElo "1713"]
[BlackElo "1589"]
[Opening "Vienna: `Frankenstein-Dracula' variation"]
[ECO "C27"]
[NIC "VG.02"]
[Time "20:17:58"]
[TimeControl "120+12"]

1. e4 e5 2. Nc3 Nf6 3. Bc4 Nxe4 4. Qh5 Nd6 5. Bb3 Nc6 6. Nb5 g6 7. Qf3 f5 8.
Qd5 Qe7 9. Nxc7+ Kd8 10. Nxa8 b6 11. Ba4 Bb7 12. Nxb6 axb6 13. Qb3 b5 14.
Ne2 bxa4 15. Qxa4 Bg7 16. O-O Qe6 17. f4 Qc4 18. Qxc4 Nxc4 19. d3 Nd6 20.
fxe5 Bxe5 21. c3 Re8 22. Bg5+ Kc7 23. Rae1 Nf7 24. Bd2 Ra8 25. a3 Ba6 26.
Rf3 Bf6 27. Nf4 Bg7 28. Rh3 g5 29. Nd5+ Kd6 30. c4 h6 31. Rhe3 Bd4 32. b4
Bxe3+ 33. Bxe3 Nce5 34. Bc5+ Kc6 35. Ne7+ Kc7 36. Nd5+ Kc6 37. Ne7+ Kc7 38.
Nd5+ Kc6 39. Ne7+ Kc7 40. Nd5+ Kc6 41. Ne7+ Kc7 42. Nd5+ Kc6 43. Ne7+ Kc7
44. Nd5+ Kc6 45. Ne7+ Kc7 46. Nd5+ Kb7 47. b5 d6 48. Bxd6 Nxd6 49. bxa6+
Rxa6 50. Rxe5 Rxa3 51. c5 Nb5 52. Nb4 Rb3 53. Nd5 Rxd3 54. c6+ Kc8 55. Re8#
{Black checkmated}
1-0

[Event "GambitGuide"]
[Site "Internet Chess Club"]
[Date "2014.10.30"]
[Round "1"]
[White "JSBach"]
[Black "rabbismoli"]
[Result "1-0"]
[ICCResult "Black resigns"]
[WhiteElo "1713"]
[BlackElo "1606"]
[Opening "Vienna: `Frankenstein-Dracula' variation"]
[ECO "C27"]
[NIC "VG.02"]
[Time "20:18:42"]
[TimeControl "120+12"]

1. e4 e5 2. Nc3 Nf6 3. Bc4 Nxe4 4. Qh5 Nd6 5. Bb3 Nc6 6. Nb5 g6 7. Qf3 f5 8.
Qd5 Qe7 9. Nxc7+ Kd8 10. Nxa8 b6 11. Ba4 Bb7 12. Nxb6 axb6 13. Qb3 Nc8 14.
Ne2 Nd4 15. Nxd4 exd4+ 16. Kf1 Qc5 17. Qf7 Qe7 18. Qc4 Qc5 19. Qf7 Qe7 20.
Qc4 Qc5 21. Qf7 Qe7 22. Qc4 Qc5 23. Qf7 Qe7 24. Qc4 Qc5 25. Qf7 Qe7 26. Qc4
Qc5 27. Qf7 Qe7 28. Qc4 Qc5 29. Qf7 Qe7 30. Qc4 Qc5 31. Qf7 Qe7 32. Qc4 Bg7
33. Bb3 Nd6 34. Qb4 Kc7 35. c3 dxc3 36. dxc3 Re8 37. Be3 Bh6 38. Qxb6+ Kb8
39. Qa7+ Kc8 40. Qc5+ Kb8 41. Qa7+ Kc8 42. Qc5+ Kb8 43. Qa7+ Kc8 44. Qc5+
Kb8 45. Qa7+ Kc8 46. Qc5+ Kb8 47. Qa7+ Kc8 48. Qc5+ Kb8 49. Qa7+ Kc8 50.
Qc5+ Kb8 51. Qa7+ Kc8 52. Qc5+ Kb8 53. Qa7+ Kc8 54. Qc5+ Kb8 55. Qa7+ Kc8
56. Qc5+ Kb8 57. Qa7+ Kc8 58. Qc5+ Kb8 59. Qa7+ Kc8 60. Qc5+ Bc6 61. Re1
Bxe3 62. Rxe3 Qf6 63. Rxe8+ Nxe8 64. Bg8 Kc7 65. a4 d6 66. Qa7+ Bb7 67. Bd5
{Black resigns}
1-0

[Event "GambitGuide"]
[Site "Internet Chess Club"]
[Date "2014.10.30"]
[Round "1"]
[White "JSBach"]
[Black "Svinotigr"]
[Result "0-1"]
[ICCResult "White checkmated"]
[WhiteElo "1713"]
[BlackElo "1757"]
[Opening "Vienna: `Frankenstein-Dracula' variation"]
[ECO "C27"]
[NIC "VG.02"]
[Time "20:14:00"]
[TimeControl "120+12"]

1. e4 e5 2. Nc3 Nf6 3. Bc4 Nxe4 4. Qh5 Nd6 5. Bb3 Nc6 6. Nb5 g6 7. Qf3 f5 8.
Qd5 Qe7 9. Nxc7+ Kd8 10. Nxa8 b6 11. Ba4 Bb7 12. Nxb6 axb6 13. Qb3 b5 14.
Nf3 bxa4 15. Qxa4 e4 16. Nd4 Bg7 17. Ne2 Qe5 18. O-O f4 19. Re1 g5 20. d3
exd3 21. cxd3 Re8 22. Bd2 Qf5 23. Rac1 Qxd3 24. Ba5+ Kc8 25. Qa3 Qxa3 26.
bxa3 Ba6 27. Bb4 Kc7 28. Kf1 g4 29. f3 gxf3 30. gxf3 Nf5 31. Ba5+ Kb7 32.
Rb1+ Ka7 33. Bb6+ Ka8 34. Rb3 Bd4 35. Bc7 Rg8 36. Rd3 Bxd3 37. Bxf4 Rg1#
{White checkmated}
0-1